Map: Acid Plant LE

Players

Raze

  • Race: Protoss Protoss
  • League: Master
  • Spawn Location: 5:00

Clem - Winner!

  • Race: Terran Terran
  • Spawn Location: 11:00

Event: WCS Montreal 2018

VOD

Have the link to the VOD?

Description

Time

  • Played on: Sept. 7, 2018, 5:15 p.m.
  • Length: 11:11

All games in this series

Show
View Real Time Build Order
Export as new Build Order

Raze Protoss 

Build Orders: 1 Gate Expand, Colossus Rush 

Get SALT Encoding   

  12  0:00  Probe  
  13  0:12  Probe  
  14  0:17  Pylon  
  14  0:23  Probe  
  15  0:31  Probe  
  16  0:37  Gateway  
  16  0:40  Probe  
  16  0:46  Assimilator  
  17  0:52  Probe  
  19  1:04  Probe  
  19  1:16  Probe  
  20  1:23  Nexus  
  20  1:32  Cybernetics Core  
  20  1:36  Probe  
  21  1:41  Assimilator  
  21  1:48  Probe  
  21  1:50  Pylon  
  22  1:58  Probe  
  22  1:59  Adept  
  23  2:07  Probe  
  23  2:12  Warp Gate  
  23  2:15  Probe  
  27  2:23  Robotics Facility  
  27  2:29  Probe  
  28  2:34  Stalker  
  30  2:42  Probe x2  
  32  2:52  Probe  
  32  2:54  Probe  
  34  3:00  Probe  
  34  3:05  Probe  
  34  3:08  Probe  
  34  3:12  Robotics Bay  
  36  3:14  Probe  
  36  3:19  Observer  
  38  3:21  Pylon  
  38  3:22  Probe x2  
  40  3:33  Probe  
  40  3:34  Gateway, Probe  
  41  3:36  Warp Prism  
  41  3:38  Gateway  
  42  3:46  Probe  
  45  3:52  Probe  
  45  3:55  Gravitic Drive  
  46  3:58  Probe  
  46  3:59  Pylon  
  47  4:03  Disruptor  
  47  4:08  Probe  
  48  4:10  Probe  
  48  4:13  Assimilator  
  48  4:15  Assimilator  
  52  4:18  Stalker  
  52  4:20  Probe  
  52  4:22  Probe  
  52  4:23  Pylon  
  56  4:32  Probe  
  57  4:40  Colossus  
  63  4:51  Nexus  
  63  4:52  Pylon  
  63  4:58  Extended Thermal Lance  
  63  5:03  Pylon  
  63  5:05  Probe x2  
  65  5:16  Stalker x3  
  65  5:18  Colossus  
  71  5:31  Probe x2  
  79  5:42  Sentry  
  81  5:43  Probe x2  
  81  5:47  Gateway  
  81  5:48  Gateway  
  83  5:50  Gateway  
  83  5:52  Sentry  
  83  5:56  Observer  
  85  6:00  Pylon  
  85  6:01  Colossus  
  80  6:05  Gateway  
  80  6:12  Probe x2  
  88  6:23  Pylon  
  86  6:30  Stalker x3  
  86  6:32  Probe x2  
  90  6:41  Pylon  
  90  6:42  Probe  
  91  6:48  Pylon, Sentry x2  
  91  6:49  Warp Prism  
  91  6:50  Stalker  
  97  6:58  Adept x3  
  105  7:12  Stalker x3  
  109  7:22  Probe  
  105  7:28  Stalker x4  
  92  7:48  Pylon  
  87  7:59  Stalker x5  
  87  8:00  Adept  
  87  8:02  Adept  
  101  8:09  Observer  
  101  8:12  Pylon  
  87  8:23  Adept x5  
  87  8:24  Adept  
  95  8:33  Observer  
  86  8:41  Observer  
  86  8:43  Stalker  
  86  8:44  Stalker x2, Zealot x2  
  86  8:47  Adept  
  98  8:57  Adept  
  98  9:00  Pylon  
  100  9:08  Adept x4  
  102  9:24  Stalker x3  
  94  9:29  Probe x3  
  96  9:41  Probe x2  
  96  9:54  Stalker x3  
  96  9:58  Disruptor  
  76  10:05  Probe x2  
  76  10:06  Probe  
  57  10:13  Twilight Council  
  60  10:16  Stalker, Sentry  
  60  10:17  Probe, Zealot  
  60  10:18  Probe  
  68  10:22  Stalker  
  68  10:24  Disruptor  
  72  10:45  Stalker x2  
  56  11:05  Zealot x2  
  56  11:08  Zealot x3  
Show
View Real Time Build Order
Export as new Build Order

Clem Terran - Winner!

Build Orders: Cyclone Opening, Reaper Expand, MMM Bio 

Get SALT Encoding   

  12  0:00  SCV  
  13  0:12  SCV  
  14  0:17  Supply Depot  
  14  0:25  SCV  
  15  0:38  SCV  
  15  0:39  Barracks  
  16  0:44  Refinery  
  16  0:50  SCV  
  17  1:02  SCV  
  18  1:15  SCV  
  19  1:27  Orbital Command  
  19  1:28  Reaper  
  20  1:42  Command Center  
  20  1:53  SCV  
  21  1:59  Marine  
  22  2:03  Supply Depot  
  22  2:08  Factory  
  22  2:12  SCV  
  23  2:16  Refinery  
  23  2:24  SCV, Marine  
  25  2:30  Barracks  
  25  2:36  SCV  
  26  2:42  Marine  
  27  2:49  SCV  
  28  2:56  Cyclone  
  31  3:01  SCV  
  31  3:04  Barracks Reactor  
  31  3:07  Orbital Command  
  31  3:13  SCV  
  31  3:17  Barracks Tech Lab, Barracks  
  32  3:25  SCV  
  33  3:28  Widow Mine  
  33  3:33  SCV  
  36  3:37  SCV, Stimpack, Marine  
  36  3:40  Marine x2  
  40  3:45  Supply Depot  
  40  3:48  SCV  
  41  3:49  SCV  
  41  3:52  Factory Tech Lab  
  42  4:00  Engineering Bay, SCV  
  42  4:01  SCV  
  44  4:03  Marine  
  44  4:04  Marine  
  44  4:06  Marine  
  47  4:10  Supply Depot  
  47  4:12  SCV  
  48  4:18  SCV, Starport  
  48  4:22  Combat Shields  
  48  4:23  Factory Reactor, Marine  
  50  4:24  Marine  
  50  4:25  Marine  
  50  4:27  Marine  
  53  4:32  Refinery  
  53  4:34  Supply Depot  
  53  4:36  Terran Infantry Weapons Level 1  
  53  4:38  SCV  
  54  4:39  SCV  
  54  4:41  Marine  
  54  4:44  Marine  
  58  4:47  Marauder  
  58  4:49  Marauder  
  61  4:54  Supply Depot  
  61  4:56  SCV  
  61  4:57  SCV  
  63  5:05  Factory Reactor, Marine x2  
  65  5:10  Medivac  
  65  5:12  Marauder x2  
  64  5:17  SCV  
  64  5:19  SCV  
  66  5:23  Marine x2  
  66  5:25  Medivac  
  70  5:33  Marauder  
  70  5:34  Refinery, Supply Depot  
  72  5:37  Marauder, SCV  
  72  5:38  SCV  
  72  5:40  Marine  
  72  5:41  Marine  
  76  5:48  Widow Mine  
  78  5:55  SCV x2, Widow Mine  
  78  5:57  Marauder  
  84  5:58  Marauder  
  84  6:03  Concussive Shells  
  86  6:04  Barracks  
  86  6:06  Supply Depot  
  86  6:10  Medivac  
  88  6:13  Widow Mine  
  88  6:14  Barracks  
  88  6:17  Widow Mine  
  88  6:18  Marauder  
  94  6:21  Marine  
  94  6:22  Marine  
  88  6:26  Medivac  
  88  6:30  Marine  
  86  6:35  Widow Mine  
  86  6:36  Supply Depot  
  86  6:38  Marine  
  86  6:39  Marauder  
  93  6:40  Widow Mine, Marine  
  93  6:41  Medivac  
  96  6:49  Marauder  
  96  6:51  Terran Infantry Armor Level 1  
  96  6:53  Supply Depot  
  98  6:56  Medivac, Widow Mine  
  98  6:57  Barracks Tech Lab, Marine x2  
  104  7:04  Widow Mine  
  108  7:11  Marauder  
  108  7:13  Medivac  
  108  7:15  Marine  
  108  7:17  Barracks Tech Lab  
  108  7:18  Widow Mine  
  108  7:23  Marauder, Marine x2  
  108  7:26  Widow Mine  
  108  7:27  Liberator  
  109  7:32  Marauder  
  104  7:39  Widow Mine  
  104  7:43  Marauder, Marine x2  
  101  7:45  Marine  
  101  7:46  Marauder  
  101  7:47  Widow Mine  
  101  7:48  Liberator  
  107  7:53  Marine  
  104  8:00  Widow Mine, Marine  
  104  8:03  Marine  
  104  8:04  Marauder  
  113  8:08  Marauder, Widow Mine, Marine  
  113  8:11  Marauder  
  118  8:13  Liberator  
  118  8:18  Marine  
  107  8:20  Marine  
  107  8:22  Widow Mine  
  107  8:25  Marauder  
  107  8:26  Marine, Supply Depot  
  109  8:28  Supply Depot  
  109  8:30  Marauder  
  109  8:32  Marine  
  111  8:36  Widow Mine, Marine  
  111  8:38  Marine  
  113  8:44  Marauder  
  113  8:46  SCV  
  113  8:47  Marauder  
  113  8:48  Supply Depot  
  115  8:50  Marauder, Liberator, Marine  
  115  8:54  Marine  
  117  8:56  Marine  
  117  9:01  Widow Mine  
  121  9:03  Widow Mine  
  121  9:06  Marauder  
  121  9:07  Marine  
  121  9:08  Marine  
  121  9:09  Liberator  
  128  9:12  Marauder, Marine  
  126  9:22  Widow Mine  
  113  9:25  Widow Mine, Marine  
  113  9:26  Marauder  
  113  9:27  Marauder  
  113  9:29  Marine  
  122  9:34  Supply Depot  
  122  9:36  Marauder  
  124  9:39  Marauder  
  124  9:43  Marine  
  127  9:46  Widow Mine  
  127  9:47  Liberator, Widow Mine, Marine  
  127  9:49  Marine  
  129  9:54  Liberator  
  129  9:55  Marauder  
  129  9:57  Marine  
  119  10:01  Marauder, Marine  
  121  10:15  Widow Mine  
  121  10:16  Widow Mine  
  121  10:20  Marine  
  126  10:25  Supply Depot  
  126  10:27  Marauder  
  128  10:29  Marine  
  128  10:30  Marine  
  130  10:38  Marine  
  130  10:40  Widow Mine x2  
  135  10:47  Marine  
Tags
 
Add a new tag
Caveats
  • Supply blocks, unpowered buildings, or Contaminate may cause inaccurate times.
  • Supply counts are checked every 10 seconds.